 Dungeon Crawl Stone Soup version 0.31-a0-1469-gd420192249 (webtiles) character file.

Game seed: 7707364887833001051

103 pokeman the Magician (level 4, -9/25 HPs)
             Began as a Deep Elf Hedge Wizard on Dec 28, 2023.
             Mangled by a black bear (10 damage)
             ... on level 3 of the Dungeon.
             The game lasted 00:04:46 (2730 turns).

pokeman the Magician (Deep Elf Hedge Wizard)        Turns: 2730, Time: 00:04:47

Health: -9/25      AC:  9    Str: 13    XL:     4   Next: 51%
Magic:  0/13       EV: 12    Int: 21    God:
Gold:   162        SH:  0    Dex: 14    Spells: 6/14 levels left

rFire   . . .        n - +3 dagger
rCold   . . .        (no shield)
rNeg    . . .        b - +0 robe
rPois   .            c - +0 hat
rElec   .            (no cloak)
rCorr   .            a - +2 pair of gloves
SInv    .            (no boots)
Will    .....        (no amulet)
Stlth   ++           e - +4 ring of protection
HPRegen 0.24/turn    f - +6 ring of strength
MPRegen 0.13/turn

%: no passive effects
@: no status effects
A: no striking features
a: no special abilities


You were on level 3 of the Dungeon.
You visited 1 branch of the dungeon, and saw 3 of its levels.

You collected 162 gold pieces.

Inventory:

Hand Weapons
 n - a +3 dagger (weapon)
Armour
 a - a +2 pair of gloves (worn)
 b - a +0 robe (worn)
 c - a +0 hat (worn)
Jewellery
 e - a +4 ring of protection (left hand)
 f - a +6 ring of strength (right hand)
Scrolls
 i - a scroll of teleportation {unknown}
 j - 2 scrolls of silence {unknown}
 k - a scroll of identify {unknown}
 l - 2 scrolls of fear {unknown}
 o - a scroll of torment {unknown}
Potions
 d - 2 potions of magic
 g - a potion of attraction {unknown}
 h - 2 potions of haste {unknown}
 m - a potion of enlightenment {unknown}


   Skills:
 - Level 1.0 Fighting
 - Level 1.0 Armour
 + Level 2.8 Dodging
 + Level 2.8 Stealth
 * Level 5.8 Spellcasting
 + Level 2.2 Conjurations
 - Level 1.1 Summonings
 - Level 1.1 Translocations


You had 6 spell levels left.
You knew the following spells:

 Your Spells              Type           Power      Damage    Failure   Level
a - Magic Dart            Conj           60%        1d6       4%          1
b - Mephitic Cloud        Conj/Alch/Air  9%         N/A       22%         3
c - Call Imp              Summ           20%        N/A       10%         2
d - Blink                 Tloc           20%        N/A       10%         2

Your spell library contained the following spells:

 Spells                   Type           Power      Damage    Failure   Level
 Sting                    Conj/Alch      40%        1d5       6%          1
 Slow                     Hex            24%        N/A       10%         1
 Cigotuvi's Dreadful Rot  Necr/Alch/Air  12%        N/A       16%         2
 Mercury Vapours          Alch/Air       12%        N/A       16%         2
 Olgreb's Toxic Radiance  Alch           6%         N/A       69%         4


Dungeon Overview and Level Annotations

Branches:
Dungeon (3/15)

Altars:
Lugonu

Portals:
Abyss: D:3


Message History

Aiming: Magic Dart (safe; 4% risk of failure)
Press: ? - help, Shift-Dir - straight line, f/p - black bear
Aim: a black bear (severely wounded, berserk, 100% to hit)
The magic dart hits the black bear.
The black bear is almost dead.
Unknown command.
Casting: Magic Dart (safe; 4% risk of failure)
Confirm with . or Enter, or press ? or * to list all spells.
Aiming: Magic Dart (safe; 4% risk of failure)
Press: ? - help, Shift-Dir - straight line, f/p - black bear
Aim: a black bear (severely wounded, berserk, 100% to hit)
The magic dart hits the black bear.
The black bear is almost dead.
Unknown command.
The black bear rages.
The black bear attacks as it pursues you!
The black bear bites you! The black bear barely misses you.
The black bear claws you.
The black bear attacks as it pursues you!
The black bear bites you but does no damage.
The black bear claws you.
The black bear claws you but does no damage.
The black bear bites you.
* * * LOW HITPOINT WARNING * * *
The black bear claws you but does no damage.
The black bear closely misses you.
The black bear attacks as it pursues you!
The black bear barely misses you. The black bear claws you.
* * * LOW HITPOINT WARNING * * *
The black bear claws you but does no damage.
Unknown command.
Casting: Magic Dart (safe; 4% risk of failure)
Confirm with . or Enter, or press ? or * to list all spells.
Aiming: Magic Dart (safe; 4% risk of failure)
Press: ? - help, Shift-Dir - straight line, f/p - black bear
Aim: a black bear (almost dead, berserk, 100% to hit)
The magic dart hits the black bear but does no damage.
The black bear is almost dead.
The black bear bites you!
You die...

'..._§§#§.§#..# ## #.[
###§§§§§§§§#..# #.# #.. ..
.##.§§§#§§§#.## #)# #.# #.
.##.§.###§## # #.# #.# #h
..#.#.# ### #.# #.# #5
..##### #.# #.# #. .#.# #.#
##.#####. .###
#.#####.#######........ ##
#.....@h..............#
#######.########.####.# #:#
#.## #.# #)# #..# #.# #.#
##.# #.. #####.## #.# ###
#......# #.#
#############.###..# #.#
...................########.#


You could see a black bear (berserk).

Vanquished Creatures
  An orc wizard (D:3)
  2 adders (D:2)
  A worm (D:2)
  A dart slug (D:1)
  3 orcs (D:3)
  6 ball pythons
  3 endoplasms
  6 giant cockroaches
  7 goblins
  3 hobgoblins
  A quokka (D:1)
  3 bats
  4 frilled lizards
  8 kobolds
  4 rats
53 creatures vanquished.

Notes
Turn   | Place    | Note
-------+----------+-------------------------------------------
     0 | D:1      | pokeman the Deep Elf Hedge Wizard began the quest for the
                  | Orb.
     0 | D:1      | Reached XP level 1. HP: 10/10 MP: 7/7
   334 | D:1      | Reached XP level 2. HP: 16/16 MP: 6/9
   695 | D:1      | Reached skill level 5 in Spellcasting
   970 | D:1      | Reached XP level 3. HP: 20/20 MP: 7/11
   974 | D:1      | Learned a level 3 spell: Mephitic Cloud
   977 | D:1      | Learned a level 2 spell: Call Imp
   980 | D:1      | Learned a level 2 spell: Blink
  1654 | D:2      | Reached skill level 1 in Armour
  1659 | D:2      | Reached skill level 1 in Fighting
  2109 | D:2      | Reached XP level 4. HP: 25/25 MP: 10/13
  2355 | D:3      | Found a large runed translucent door.
  2356 | D:3      | Found a large runed translucent door.
  2372 | D:3      | Found a corrupted altar of Lugonu.
  2447 | D:3      | Found a one-way gate to the infinite horrors of the Abyss.
  2698 | D:3      | Noticed a black bear
  2729 | D:3      | HP: 1/25 [black bear (4)]
  2730 | D:3      | Mangled by a black bear

Illustrated notes

Levels and vault maps discovered:
D:1:      hellmonk_arrival_library, layout_basic, chequers_jeans
D:2:      layout_loops_ring, st_stairs_7, minmay_pentomino_r4, uniq_terence
D:3:      due_chaos_kobolds, layout_loops_ring, dreamdust_wishing_well

Skill      XL: |  1  2  3 |
---------------+----------+-----
Spellcasting   | 5 |  5.8
Armour         | 1 |  1.0
Fighting       | 1 |  1.0
Conjurations   | 2 |  2.2
Dodging        | |  2.8
Stealth        | |  2.8
Summonings     | |  1.1
Translocations | |  1.1

Action                     |  1- 3 |  4- 6 || total
---------------------------+-------+-------++-------
  Melee: Dagger            |     1 |     3 ||     4
   Cast: Magic Dart        |   113 |    30 ||   143
         Call Imp          |     1 |     1 ||     2
         Mephitic Cloud    |       |     2 ||     2
   Stab: Confused          |       |     1 ||     1
 Armour: Robe              |     6 |    14 ||    20
  Dodge: Dodged            |    13 |     7 ||    20

Table legend: (Time is in decaauts)
 A = Elapsed time spent in this place.
 B = Non-inter-level travel time spent in this place.
 C = Inter-level travel time spent in this place.
 D = Time resting spent in this place.
 E = Time spent auto-exploring this place.
 F = Levels seen in this place.
 G = Mean time per level.
                   A        B        C        D        E       F      G
               +--------+--------+--------+--------+--------+-----+--------+
         Total |   2728 |   2628 |    100 |     56 |   2271 |   3 |  909.3 |
       Dungeon |   2728 |   2628 |    100 |     56 |   2271 |   3 |  909.3 |
               +--------+--------+--------+--------+--------+-----+--------+

Top non-repeatable levels by time:
     D:1: 1311 daAuts
     D:2: 1013 daAuts
     D:3: 403 daAuts
